 Dungeon Crawl Stone Soup version 0.31-a0-940-gdaa99269f9 (webtiles) character file.

Game seed: 3713178175145234755

46 Shayle the Vexing (level 3, 0/36 HPs)
             Began as an Ogre Hexslinger on Oct 20, 2023.
             Slain by a jelly (1 damage)
             ... on level 2 of the Dungeon.
             The game lasted 00:01:38 (1158 turns).

Shayle the Vexing (Ogre Hexslinger)                 Turns: 1158, Time: 00:01:39

Health: 0/36       AC: -5    Str: 14    XL:     3   Next: 66%
Magic:  6/6        EV: 10    Int: 16    God:
Gold:   43         SH:  0    Dex: 14    Spells: 6/6 levels left

rFire   . . .        n - +2 dagger "Ilixal" {drain, rC- Str+2 Dex+3 Stlth+}
rCold   x . .        (no shield)
rNeg    . . .        c - +0 robe
rPois   .            (helmet restricted)
rElec   .            (no cloak)
rCorr   .            (gloves unavailable)
SInv    .            (boots unavailable)
Will    .....        (no amulet)
Stlth   ++           (no ring)
HPRegen 0.26/turn    (no ring)
MPRegen 0.10/turn

%: no passive effects
@: corroded
A: large, unfitting armour, tough skin 1
a: no special abilities


You were on level 2 of the Dungeon.
You visited 1 branch of the dungeon, and saw 2 of its levels.

You collected 43 gold pieces.

Inventory:

Hand Weapons
 a - a +1 sling
 n - the +2 dagger "Ilixal" (weapon) {drain, rC- Str+2 Dex+3 Stlth+}
   (You found it on level 2 of the Dungeon)

   Str+2:     It affects your strength (+2).
   Dex+3:     It affects your dexterity (+3).
   rC-:       It makes you vulnerable to cold.
   Stlth+:    It makes you more stealthy.
Missiles
 i - a throwing net
Armour
 c - a +0 robe (worn)
Scrolls
 b - a scroll of poison
 d - a scroll of fear {unknown}
 e - a scroll of amnesia {unknown}
 h - 5 scrolls of identify {unknown}
 l - a scroll of noise {unknown}
 o - 3 scrolls of acquirement {unknown}
Potions
 f - 2 potions of haste {unknown}
 g - a potion of lignification {unknown}
 j - a potion of berserk rage {unknown}
 k - a potion of ambrosia {unknown}
 m - a potion of cancellation {unknown}


   Skills:
 + Level 2.5 Fighting
 - Level 1.3 Ranged Weapons
 + Level 2.3 Dodging
 + Level 2.1 Spellcasting
 - Level 2.6 Hexes
 + Level 1.6 Fire Magic


You had 6 spell levels left.
You didn't know any spells.
Your spell library contained the following spells:

 Spells                   Type           Power      Damage    Failure   Level
 Jinxbite                 Hex            20%        N/A       11%         2
 Sigil of Binding         Hex            10%        N/A       21%         3
 Inner Flame              Hex/Fire       8%         N/A       26%         3
 Ozocubu's Armour         Ice            1%         N/A       52%         3
 Cause Fear               Hex            5%         N/A       56%         4
 Dimensional Bullseye     Hex/Tloc       3%         N/A       75%         4
 Ozocubu's Refrigeration  Ice            0%         4d7       100%        7


Dungeon Overview and Level Annotations

Branches:
Dungeon (2/15)

Altars:


Innate Abilities, Weirdness & Mutations

You are too large for most types of armour.
You have tough skin. (AC +1)


Message History

You hit the endoplasm. You drain the endoplasm.
You kill the endoplasm!
You hit the endoplasm.
The endoplasm is almost dead.
The endoplasm barely misses you.
You hit the endoplasm.
You kill the endoplasm!
Things that are here:
a +0 whip; a kobold corpse You start resting.
A jelly comes into view.
Things that are here:
a +0 whip; a kobold corpse You don't know any spells.
Sorry, you're not good enough to have a special ability.
Things that are here:
a +0 whip; a kobold corpse A jelly comes into view.
You start resting.
HP restored.
An endoplasm comes into view.
Things that are here:
a +0 whip; a kobold corpse The endoplasm quivers.
The jelly hits you. The acid corrodes you!
You are splashed with acid!
You hit the jelly but do no damage. You drain the jelly.
Your hands burn!
The jelly is lightly wounded.
You hit the jelly but do no damage.
Your hands burn!
The jelly is lightly wounded.
The jelly hits you.
You are splashed with acid!
* * * LOW HITPOINT WARNING * * *
You hit the jelly. The acid corrodes you!
Your hands burn!
* * * LOW HITPOINT WARNING * * *
The jelly is moderately wounded.
The jelly closely misses you.
You hit the jelly but do no damage.
Your hands burn!
* * * LOW HITPOINT WARNING * * *
The jelly is moderately wounded.
The jelly hits you.
You die...

#.# #.# #
P.##.# #.# #
P÷##.# #.# #
PJ##.# #.# #
÷.##.# #.# #
J.##.####.# #
..##......####
#######'#
#.......†.†
##..)@JJ#
#....######
#.########
####.#
##..'....# #.#
####....# #.#
#.......# #.#
#.......# #.#
#.......# #.#
#.......# #.#
##.....## #.#


You could see a jelly (very drained) and an endoplasm.

Vanquished Creatures
  2 dart slugs
  5 ball pythons (D:1)
  9 endoplasms
  A goblin (D:1)
  3 hobgoblins
  A quokka (D:1)
  6 bats (D:1)
  9 kobolds
  2 rats (D:1)
38 creatures vanquished.

Notes
Turn   | Place    | Note
-------+----------+-------------------------------------------
     0 | D:1      | Shayle the Ogre Hexslinger began the quest for the Orb.
     0 | D:1      | Reached XP level 1. HP: 19/19 MP: 2/2
    23 | D:1      | Reached skill level 1 in Fire Magic
   201 | D:1      | Reached XP level 2. HP: 28/28 MP: 2/4
   749 | D:1      | Reached XP level 3. HP: 31/35 MP: 5/5
   981 | D:2      | Identified the +2 dagger "Ilixal" {drain, rC- Str+2 Dex+3
                  | Stlth+}
  1158 | D:2      | HP: 1/36 [acid (5)]
  1158 | D:2      | Slain by a jelly

Illustrated notes

Levels and vault maps discovered:
D:1:      amcnicky_arrival_double_pillar, layout_basic, minmay_indecisive_spiral
D:2:      cheibrodos_fertilizer, layout_loops_ring, kennysheep_boxes

Skill      XL: |  1  2  3 |
---------------+----------+-----
Fire Magic     | 1 |  1.6
Dodging        | 2 |  2.3
Fighting       | 2 |  2.5
Spellcasting   | 2 |  2.1
Ranged Weapons | |  1.3
Hexes          | |  2.6

Action                     || total
---------------------------++-------
  Melee: Dagger            ||    28
         Punch             ||     1
   Fire: Sling             ||    79
 Armour: Robe              ||    34
  Dodge: Dodged            ||    21

Table legend: (Time is in decaauts)
 A = Elapsed time spent in this place.
 B = Non-inter-level travel time spent in this place.
 C = Inter-level travel time spent in this place.
 D = Time resting spent in this place.
 E = Time spent auto-exploring this place.
 F = Levels seen in this place.
 G = Mean time per level.
                   A        B        C        D        E       F      G
               +--------+--------+--------+--------+--------+-----+--------+
         Total |   1184 |   1165 |     19 |     33 |    881 |   2 |  592.0 |
       Dungeon |   1184 |   1165 |     19 |     33 |    881 |   2 |  592.0 |
               +--------+--------+--------+--------+--------+-----+--------+

Top non-repeatable levels by time:
     D:1: 853 daAuts
     D:2: 331 daAuts
